 Dungeon Crawl Stone Soup version 0.22.1-5-g62c59d9 (webtiles) character file.

5143 Kairos the Blocker (level 10, -9/51 HPs)
             Began as a Vine Stalker Fighter on Jan 8, 2019.
             Was an Elder of Okawaru.
             Killed from afar by Erica (26 damage)
             ... with a bolt of poison
             ... on level 10 of the Dungeon.
             The game lasted 00:17:34 (7001 turns).

Kairos the Blocker (Vine Stalker Fighter)           Turns: 7001, Time: 00:17:35

Health: -9/51      AC: 19    Str: 23    XL:     10   Next: 58%
Magic:  0/12       EV: 10    Int:  8    God:    Okawaru [****..]
Gold:   473        SH: 11    Dex: 13    Spells: 9/9 levels left

rFire    . . .     SeeInvis .   t - +1 whip (elec)
rCold    + . .     Gourm    +   c - +0 shield
rNeg     . . .     Faith    .   b - +0 scale mail
rPois    .         Spirit   +   j - +2 hat
rElec    .         Reflect  .   H - +1 cloak
rCorr    .         Harm     .   r - +0 pair of gloves
MR       +....                  (no boots)
Stlth    +.........             C - amulet of the gourmand
HPRegen  0.57/turn              h - +6 ring of protection (curse)
MPRegen  0.13/turn              G - ring of protection from cold

@: lethally poisoned (-9 -> -13)
A: fangs 3, regeneration 1, magic shield, antimagic bite, no potion heal 3, rot
immunity
a: Heroism, Renounce Religion


You were on level 10 of the Dungeon.
You worshipped Okawaru.
Okawaru was greatly pleased with you.
You were hungry.

You visited 3 branches of the dungeon, and saw 12 of its levels.

You collected 473 gold pieces.

Inventory:

Hand Weapons
 a - a +0 war axe
 t - a +1 whip of electrocution (weapon)
Armour
 b - a +0 scale mail (worn)
 c - a +0 shield (worn)
 j - a +2 hat (worn)
 r - a +0 pair of gloves (worn)
 H - a +1 cloak (worn)
Jewellery
 h - a cursed +6 ring of protection (left hand)
 C - an amulet of the gourmand (around neck)
 D - the ring of Egang {Fire +Blink rElec}
   (You found it on level 6 of the Dungeon)

   [ring of fire]

   It enhances your fire magic.
   It protects you from fire.
   It makes you vulnerable to cold.
   It insulates you from electricity.
   It lets you blink.
 G - a ring of protection from cold (right hand)
Wands
 g - a wand of enslavement (12)
 w - a wand of flame (36)
 y - a wand of polymorph (23)
 B - a wand of random effects (34)
 I - a wand of paralysis (12)
Scrolls
 i - 3 scrolls of enchant armour
 m - 5 scrolls of remove curse
 n - a scroll of magic mapping
 p - 2 scrolls of teleportation
 u - 2 scrolls of immolation {unknown}
 v - a scroll of random uselessness {unknown}
 z - a scroll of blinking {unknown}
 A - a scroll of amnesia {unknown}
 F - a scroll of fear {unknown}
Potions
 d - a potion of might
 e - a potion of degeneration {unknown}
 k - a potion of berserk rage
 l - 6 potions of curing
 o - a potion of ambrosia
 q - 2 potions of lignification {unknown}
 s - a potion of agility {unknown}
 x - a potion of haste {unknown}
 E - 3 potions of brilliance {unknown}
Comestibles
 f - 8 rations


   Skills:
 + Level 5.0 Fighting
 + Level 4.2(6.1) Axes
 + Level 6.7(7.3) Maces & Flails
 + Level 6.0 Armour
 + Level 3.9 Dodging
 + Level 2.1 Stealth
 + Level 8.0 Shields
 + Level 1.3 Invocations


You had 9 spell levels left.
You didn't know any spells.
Your spell library was empty.

Dungeon Overview and Level Annotations

Branches:
Dungeon (10/15)            Temple (1/1) D:5            Lair (1/6) D:8
    Orc (0/2) D:9

Altars:
Ashenzari
Cheibriados
Dithmenos
Elyvilon
Fedhas
Gozag
Hepliaklqana
Kikubaaqudgha
Makhleb
Nemelex Xobeh
Okawaru
Qazlal
Ru
Sif Muna
Trog
Uskayaw
Vehumet
Wu Jian
Xom
Yredelemnul
Zin
The Shining One

Shops:
D:8 (

Annotations:
D:10 Erica


Innate Abilities, Weirdness & Mutations

You have razor-sharp teeth.
Your natural rate of healing is unusually fast.
When hurt, damage is shared between your health and your magic reserves.
Your bite disrupts and absorbs the magic of your enemies.
Potions cannot restore your health.
You are immune to rotting.


Message History

Something barely misses you. Something hits you but does no damage.
You miss something. Something hits you.
* * * LOW HITPOINT WARNING * * *
You hit something. Lightning courses through something!
You hear some strange, mumbled words.
An orb of energy appears from out of thin air!
You block the orb of energy.
The orb of energy explodes!
The mystic blast hits something.
You feel like a meek peon again. You block something's attack.
Something hits you but does no damage. Something hits you but does no damage.
There is an open door, spattered with blood here.
You see here a hound corpse.
There is an open door here.
You hear some strange, mumbled words.
A bolt of poison appears from out of thin air!
The bolt of poison hits you!
You are poisoned.
Ouch! That really hurt!
You die...

.............#
..!..........+
.............#
........{....#
.............#
#########†####
#...#
#######'####
#.....@....#
#..........#
#..........#
#....<.....#
#..........#
#..........+
#..........#
#....)(^...#
#(....<†...#


There were no monsters in sight!

Vanquished Creatures
  A two-headed ogre (D:9)
  Joseph (D:7)
  A hippogriff (D:8)
  Sigmund (D:5)
  Eustachio (D:5)
  A hungry ghost (D:5)
  Duvessa (D:7)
  3 sky beasts
  An orc warrior (D:7)
  An ice beast (D:10)
  4 black bears
  A necrophage (D:9)
  2 phantoms (D:7)
  5 ogres
  A centaur (D:5)
  Blork the orc (D:4)
  2 bullfrogs (D:9)
  2 wyvern skeletons
  Dowan (D:7)
  4 wights (D:8)
  3 killer bees (D:8)
  A howler monkey (D:7)
  5 crimson imps
  A centaur zombie (D:8)
  A hound (D:10)
  2 orc priests
  Crazy Yiuf (D:7)
  Ijyb (D:4)
  8 orc wizards
  An iguana (D:5)
  Natasha (thrice) (D:4)
  5 worker ants
  A hound zombie (D:3)
  A hound skeleton (D:8)
  10 gnolls
  A howler monkey skeleton (D:9)
  14 adders
  3 shadow imps
  7 worms
  3 dart slugs
  11 leopard geckos
  18 orcs
  A ball python (D:4)
  3 bats
  4 giant cockroaches
  6 goblins
  8 hobgoblins
  6 jackals (D:5)
  5 quokkas
  3 frilled lizards
  A giant cockroach zombie (D:5)
  4 kobolds
  16 rats
  A spectral orc (D:2)
194 creatures vanquished.

Notes
Turn   | Place    | Note
-------+----------+-------------------------------------------
     0 | D:1      | Kairos the Vine Stalker Fighter began the quest for the
                  | Orb.
     0 | D:1      | Reached XP level 1. HP: 11/11 MP: 2/2
   134 | D:1      | Reached XP level 2. HP: 13/16 MP: 3/3
   322 | D:1      | Reached XP level 3. HP: 7/20 MP: 2/4
   592 | D:2      | Reached skill level 3 in Shields
   601 | D:2      | Gained mutation: Your natural rate of healing is unusually
                  | fast. [Vine Stalker growth]
   601 | D:2      | Reached XP level 4. HP: 6/24 MP: 5/5
   875 | D:2      | Found a basalt altar of Yredelemnul.
   966 | D:2      | Found a snail-covered altar of Cheibriados.
  1451 | D:2      | Reached XP level 5. HP: 28/28 MP: 6/6
  1887 | D:3      | Reached XP level 6. HP: 32/32 MP: 5/7
  2186 | D:4      | Noticed Natasha
  2195 | D:4      | Killed Natasha
  2207 | D:4      | Noticed Natasha
  2223 | D:4      | Killed Natasha
  2251 | D:4      | Noticed Natasha
  2257 | D:4      | Reached skill level 1 in Dodging
  2257 | D:4      | Reached skill level 4 in Shields
  2257 | D:4      | Reached XP level 7. HP: 28/36 MP: 8/8
  2260 | D:4      | Noticed Blork the orc
  2261 | D:4      | Killed Natasha
  2261 | D:4      | Reached skill level 1 in Maces & Flails
  2271 | D:4      | Killed Blork the orc
  2272 | D:4      | Noticed Ijyb
  2290 | D:4      | Killed Ijyb
  2512 | D:4      | Found a sacrificial altar of Ru.
  2529 | D:4      | Found an ancient bone altar of Kikubaaqudgha.
  2529 | D:4      | Found an ornate altar of the Wu Jian Council.
  2530 | D:4      | Found a stormy altar of Qazlal.
  2531 | D:4      | Found a bloodstained altar of Trog.
  2531 | D:4      | Found a glowing silver altar of Zin.
  2532 | D:4      | Found a hide-covered altar of Uskayaw.
  2820 | D:5      | Entered Level 5 of the Dungeon
  2820 | D:5      | Noticed a hungry ghost
  2855 | D:5      | Killed a hungry ghost
  2880 | D:5      | Noticed Eustachio
  2905 | D:5      | Noticed Sigmund
  2915 | D:5      | Killed Sigmund
  2915 | D:5      | Reached skill level 1 in Stealth
  2915 | D:5      | Gained mutation: You have razor-sharp teeth. [Vine Stalker
                  | growth]
  2915 | D:5      | Reached XP level 8. HP: 35/42 MP: 9/9
  3101 | D:5      | Killed Eustachio
  3101 | D:5      | Reached skill level 5 in Shields
  3128 | D:5      | Found a staircase to the Ecumenical Temple.
  3169 | Temple   | Entered the Ecumenical Temple
  3235 | Temple   | Became a worshipper of Warmaster Okawaru
  3706 | D:6      | Reached * piety under Okawaru
  3886 | D:6      | Got a fine steel ring
  4263 | D:6      | Identified the ring of Egang {Fire +Blink rElec} (You found
                  | it on level 6 of the Dungeon)
  4324 | D:7      | Reached skill level 6 in Shields
  4324 | D:7      | Reached XP level 9. HP: 45/45 MP: 10/10
  4393 | D:7      | Noticed Joseph
  4456 | D:7      | Killed Joseph
  4456 | D:7      | Reached ** piety under Okawaru
  4456 | D:7      | Reached skill level 5 in Armour
  4686 | D:7      | Noticed Dowan
  4686 | D:7      | Noticed Duvessa
  4787 | D:7      | Killed Dowan
  4877 | D:7      | Found a runed door.
  5234 | D:7      | Reached skill level 5 in Maces & Flails
  5370 | D:7      | Killed Duvessa
  5556 | D:7      | Noticed Crazy Yiuf
  5562 | D:7      | Killed Crazy Yiuf
  5975 | D:8      | Reached *** piety under Okawaru
  5975 | D:8      | Reached skill level 7 in Shields
  6065 | D:8      | Reached XP level 10. HP: 47/51 MP: 7/11
  6123 | D:8      | Found a staircase to the Lair.
  6258 | D:8      | Found Roev's Weapon Boutique.
  6354 | Lair:1   | Entered Level 1 of the Lair of Beasts
  6354 | Lair:1   | Noticed an eight-headed hydra
  6430 | D:9      | Found a staircase to the Orcish Mines.
  6465 | D:9      | Noticed a two-headed ogre
  6703 | D:9      | Killed a two-headed ogre
  6703 | D:9      | Reached skill level 1 in Invocations
  6734 | D:9      | Reached **** piety under Okawaru
  6936 | D:10     | Entered Level 10 of the Dungeon
  6947 | D:10     | Reached skill level 5 in Fighting
  6972 | D:10     | Noticed Erica
  6982 | D:10     | Reached skill level 8 in Shields
  7001 | D:10     | Killed from afar by Erica

Skill      XL: |  1  2  3  4  5  6  7  8  9 10 |
---------------+-------------------------------+-----
Fighting       | 3 4 5 |  5.0
Axes           | 2 3 4 |  4.2
Shields        | 3 4 6 7 8 |  8.0
Armour         | 3 4 5 6 |  6.0
Dodging        | 1 2 3 |  3.9
Maces & Flails | 2 3 5 6 |  6.7
Stealth        | 1 2 |  2.1
Invocations    | 1 |  1.3

Action                   |  1- 3 |  4- 6 |  7- 9 | 10-12 || total
-------------------------+-------+-------+-------+-------++-------
Melee: War axe           |    73 |   137 |       |       ||   210
       Bite              |    19 |    39 |   111 |    41 ||   210
       Whip              |       |    50 |   377 |   132 ||   559
Invok: Heroism           |       |       |     5 |     5 ||    10
  Use: Scroll            |       |       |     1 |     6 ||     7
  Eat: Chunk             |       |     5 |    11 |     3 ||    19
       Ration            |       |       |     3 |       ||     3
Armor: Scale mail        |    27 |    66 |   181 |    54 ||   328
       Chain mail        |       |    23 |       |       ||    23
Dodge: Dodged            |    19 |    53 |    99 |    35 ||   206
Block: Shield            |    39 |    95 |   182 |    73 ||   389
